 Dungeon Crawl Stone Soup version 0.30-a0-377-g5cb311bc9f (webtiles) character file.

Game seed: 6404387873242205193

112 porpoise the Shooter (level 4, -1/25 (28) HPs)
             Began as a Tengu Hunter on Nov 29, 2022.
             Slain by a goblin
             ... wielding a +0 dagger
             ... led by Robin
              (3 damage)
             ... on level 2 of the Dungeon.
             The game lasted 00:05:10 (1467 turns).

porpoise the Shooter (Tengu Hunter)                 Turns: 1467, Time: 00:05:11

HP:   -1/25 (28)    AC:  5    Str: 11    XL:     4   Next: 95%
MP:   5/5           EV: 11    Int:  9    God:
Gold: 164           SH:  0    Dex: 20    Spells: 3/3 levels left

rFire   . . .      SeeInvis .    a - +0 shortbow
rCold   . . .      Faith    .    (shield currently unavailable)
rNeg    . . .      Spirit   .    d - +0 ring mail
rPois   .          Reflect  .    (helmet restricted)
rElec   .          Harm     .    (no cloak)
rCorr   .          Rampage  .    (no gloves)
Will    .....                    (boots unavailable)
Stlth   +.........               (no amulet)
HPRegen 0.24/turn                (no ring)
MPRegen 0.09/turn                (no ring)

@: heavily drained
A: beak, talons 3
a: no special abilities


You were on level 2 of the Dungeon.
You visited 1 branch of the dungeon, and saw 2 of its levels.

You collected 164 gold pieces.

Inventory:

Hand Weapons
 a - a +0 shortbow (weapon)
 b - a +0 spear
Missiles
 h - a throwing net
 m - 2 atropa-tipped darts
Armour
 d - a +0 ring mail (worn)
Magical Staves
 f - a staff of fire
Jewellery
 k - an amulet of magic regeneration
Scrolls
 g - a scroll of identify {unknown}
 i - a scroll of immolation
 l - a scroll of vulnerability {unknown}
Potions
 e - a potion of curing {unknown}


   Skills:
 + Level 3.1 Fighting
 * Level 6.0 Ranged Weapons
 - Level 2.1 Dodging
 - Level 1.0 Stealth


You had 3 spell levels left.
You didn't know any spells.
Your spell library was empty.

Dungeon Overview and Level Annotations

Branches:
Dungeon (2/15)

Altars:

Shops:
D:1 [


Innate Abilities, Weirdness & Mutations

You have a beak for a mouth.
You have claws for feet.


Message History

Robin roars a battlecry!
The goblins go into a battle-frenzy!
The goblin hits you but does no damage.
Fire: a) +0 shortbow
Press: ? - help, Q - select action, (/) - cycle Shift-Dir - straight line, f/p - Robin
Aim: Robin, wielding a +4 dagger of draining, wearing a +0 animal skin and wearing a +0 helmet (severely wounded, 72% to hit)
You shoot an arrow. The arrow hits Robin.
Robin is almost dead.
Robin barely misses you. The goblin barely misses you.
The goblin hits you with a +0 club. The goblin barely misses you.
The goblin hits you but does no damage.
Fire: a) +0 shortbow
Press: ? - help, Q - select action, (/) - cycle Shift-Dir - straight line, f/p - Robin
Aim: Robin, wielding a +4 dagger of draining, wearing a +0 animal skin and wearing a +0 helmet (almost dead, 72% to hit)
You shoot an arrow. The arrow barely misses Robin.
The goblin hits you with a +0 dagger. The goblin hits you with a +0 club.
The goblin hits you with a +0 dagger. The goblin hits you with a +0 club.
Robin hits you with a +4 dagger of draining.
* * * LOW HITPOINT WARNING * * *
You feel drained.
* * * LOW HITPOINT WARNING * * *
The goblin misses you. x2; The goblin hits you but does no damage.
The goblin closely misses you.
Fire: a) +0 shortbow
Press: ? - help, Q - select action, (/) - cycle Shift-Dir - straight line, f/p - Robin
Aim: Robin, wielding a +4 dagger of draining, wearing a +0 animal skin and wearing a +0 helmet (almost dead, 72% to hit)
You shoot an arrow. The arrow hits Robin!
You kill Robin!
The goblin closely misses you. x3; The goblin hits you but does no damage.
The goblin attacks as you move away! The goblin hits you with a +0 club.
* * * LOW HITPOINT WARNING * * *
The goblin hits you with a +0 dagger.
* * * LOW HITPOINT WARNING * * *
The goblin hits you with a +0 dagger.
* * * LOW HITPOINT WARNING * * *
Items here: ) [[ †.
As you read the scroll labelled TIFREUNOYS, it crumbles to dust.
The scroll dissolves into smoke.
It was a scroll of fog.
The goblin barely misses you. The goblin hits you with a +0 dagger.
You die...

.. . #....... ... )
#.....# ..# g#
##...... ... #g
#....... #.####)
#....... #..#..
#....... #.§)#
####.....#
#§########†......##
#g@§........####...
#ggg.....#.)######.
#.§.....##†.†..###.
#.......##.###).#..
#........#.# ##...#
#........#.# ##..#
#..........## #..#
#.......##.>####...
#####..........#.##


You could see 4 goblins.

Vanquished Creatures
  Robin (D:2)
  3 gnolls (D:2)
  An adder (D:2)
  A dart slug (D:1)
  2 ball pythons
  6 endoplasms
  5 giant cockroaches
  7 goblins
  8 hobgoblins
  7 jackals (D:2)
  2 quokkas
  2 bats
  4 frilled lizards
  4 kobolds
  2 rats (D:1)
55 creatures vanquished.

Vanquished Creatures (others)
  A plant (D:1)
1 creature vanquished.

Grand Total: 56 creatures vanquished

Notes
Turn   | Place    | Note
-------+----------+-------------------------------------------
     0 | D:1      | porpoise the Tengu Hunter began the quest for the Orb.
     0 | D:1      | Reached XP level 1. HP: 12/12 MP: 2/2
   112 | D:1      | Found Esaq's Antique Armour Shop.
   120 | D:1      | Reached XP level 2. HP: 15/17 MP: 3/3
   370 | D:1      | Reached skill level 5 in Ranged Weapons
   497 | D:1      | You fall into a shaft and drop 1 floor!
   624 | D:1      | Reached XP level 3. HP: 22/22 MP: 4/4
  1100 | D:2      | Reached XP level 4. HP: 17/27 MP: 5/5
  1435 | D:2      | Noticed Robin
  1447 | D:2      | Reached skill level 6 in Ranged Weapons
  1461 | D:2      | HP: 1/25 [goblin/+0 club[Robin] (1)]
  1465 | D:2      | Killed Robin
  1467 | D:2      | Slain by a goblin

Illustrated notes

Levels and vault maps discovered:
D:1:      amcnicky_arrival_single_pillar, layout_basic, serial_shops,
          shop_fountains, reono_crystal_passage, serial_bayou_lake_a
D:2:      layout_rooms, chequers_hall_statues_y, uniq_robin, uniq_natasha

Skill      XL: |  1  2  3  4 |
---------------+-------------+-----
Ranged Weapons | 5 6 |  6.0
Fighting       | 3 |  3.1
Dodging        | |  2.1
Stealth        | |  1.0

Action                   |  1- 3 |  4- 6 || total
-------------------------+-------+-------++-------
 Fire: Shortbow          |    89 |    66 ||   155
  Use: Scroll            |       |     1 ||     1
       Potion            |       |     1 ||     1
Armor: Ring mail         |    20 |    19 ||    39
Dodge: Dodged            |    24 |    26 ||    50

Table legend: (Time is in decaauts)
 A = Elapsed time spent in this place.
 B = Non-inter-level travel time spent in this place.
 C = Inter-level travel time spent in this place.
 D = Time resting spent in this place.
 E = Time spent auto-exploring this place.
 F = Levels seen in this place.
 G = Mean time per level.
                   A        B        C        D        E       F      G
               +--------+--------+--------+--------+--------+-----+--------+
         Total |   1555 |   1530 |     25 |    231 |    954 |   2 |  777.5 |
       Dungeon |   1555 |   1530 |     25 |    231 |    954 |   2 |  777.5 |
               +--------+--------+--------+--------+--------+-----+--------+

Top non-repeatable levels by time:
     D:1: 912 daAuts
     D:2: 643 daAuts
